 Dungeon Crawl Stone Soup version 0.19.5 (webtiles) character file.

200 Gargoyl the Skirmisher (level 5, 0/46 HPs)
             Began as a Ghoul Abyssal Knight on Mar 11, 2017.
             Was a Believer of Lugonu.
             Slain by an ogre
             ... wielding a +0 giant club
              (12 damage)
             ... on level 4 of the Dungeon.
             The game lasted 00:05:36 (2486 turns).

Gargoyl the Skirmisher (Ghoul Abyssal Knight)       Turns: 2486, Time: 00:05:37

Health: 0/46       AC: 14    Str: 16    XL:     5   Next: 78%
Magic:  6/6        EV:  5    Int:  7    God:    Lugonu [**....]
Gold:   265        SH:  0    Dex:  9    Spells: 0 memorised, 4 levels left

rFire  . . .     SeeInvis .     a - +2 hand axe
rCold  + . .     Gourm    .     e - +0 plate armour
rNeg   + + +     Faith    .     (no shield)
rPois  ∞         Spirit   .     (no helmet)
rElec  .         Reflect  .     (no cloak)
rCorr  .         Harm     .     (no gloves)
MR     .....                    (no boots)
Stlth  ..........               j - amulet of magic regeneration
                                (no ring)
                                m - +3 ring of protection

@: rotting
A: rotting body, claws 1, carnivore 3, cold resistance 1, negative energy
resistance 3, slow regeneration 1, torment resistance, unbreathing
a: Depart the Abyss, Bend Space, Renounce Religion


You were on level 4 of the Dungeon.
You worshipped Lugonu.
Lugonu was pleased with you.
You were not hungry.

You visited 1 branch of the dungeon, and saw 4 of its levels.
You visited the Abyss 1 time.

You collected 265 gold pieces.

Inventory:

Hand Weapons
 a - a +2 hand axe (weapon)
Armour
 e - a +0 plate armour (worn)
Jewellery
 j - an amulet of magic regeneration (around neck)
 m - a +3 ring of protection (left claw)
Scrolls
 f - a scroll of identify
 k - 3 scrolls of magic mapping
 l - 2 scrolls of enchant weapon
 n - a scroll of remove curse
Potions
 b - a potion of cancellation {unknown}
 d - 4 potions of curing
 g - a potion of flight {unknown}
Books
 o - a book of Misfortune

   Spells                             Type                      Level
   a - Confusing Touch                Hexes                        1
   b - Confuse                        Hexes                        3
   c - Gell's Gravitas                Hexes/Translocation          3
   d - Petrify                        Transmutation/Earth          4
   e - Metabolic Englaciation         Hexes/Ice                    5
   f - Yara's Violent Unravelling     Hexes/Transmutation          5
Comestibles
 c - a meat ration
 i - 2 beef jerkies


   Skills:
 + Level 4.2 Fighting
 + Level 3.4 Axes
 * Level 3.1 Armour
 + Level 0.8 Dodging
 * Level 3.0 Invocations


You had 4 spell levels left.
You didn't know any spells.

Dungeon Overview and Level Annotations

Branches:
Dungeon (4/15)
 Temple: D:4-7

Altars:
Elyvilon


Innate Abilities, Weirdness & Mutations

Your body is rotting away.
You thrive on raw meat.
You are immune to poison.
You have sharp fingernails.
You are carnivorous and can eat meat at any time.
Your flesh is cold resistant. (rC+)
You are immune to negative energy. (rN+++)
You regenerate slowly when monsters are visible.
You are immune to unholy pain and torment.
You can survive without breathing.


Message History

You hit the ogre.
The ogre is heavily wounded.
The ogre hits you with a giant club!
* * * LOW HITPOINT WARNING * * *
You barely miss the ogre.
The ogre is heavily wounded.
The ogre hits you with a giant club!
* * * LOW HITPOINT WARNING * * *
You barely miss the ogre.
The ogre is heavily wounded.
The ogre barely misses you.
Your plate armour prevents you from hitting the ogre.
The ogre is heavily wounded.
It was a potion of curing.
You feel better. The ogre hits you with a giant club.
* * * LOW HITPOINT WARNING * * *
You feel better. The ogre hits you with a giant club!
* * * LOW HITPOINT WARNING * * *
You feel better. The ogre hits you with a giant club!
You die...

#......# ###...##
..##### #...#
.......####...###
##
......†.)........
#.
.......##.##.#.##
#. ..#####
#.##.#.# #
#O##...# #.
#@###..# #.
#.###..# ##
#......#
#####.#######
#.......######
#######.##....
#.##.### #....#
######


You could see an ogre.

Vanquished Creatures
  A howler monkey (D:4)
  A bullfrog skeleton (D:3)
  6 adders
  An ooze (D:1)
  2 adder skeletons
  A worm (D:2)
  A dart slug (D:4)
  2 leopard geckos
  2 orcs
  4 bats
  5 giant cockroaches
  6 goblins
  5 hobgoblins
  3 jackals (D:3)
  10 kobolds
  2 quokkas
  4 frilled lizards
  4 rats
60 creatures vanquished.

Vanquished Creatures (others)
  4 toadstools (D:1)
4 creatures vanquished.

Grand Total: 64 creatures vanquished

Notes
Turn   | Place    | Note
-------+----------+-------------------------------------------
     0 | Abyss:1  | Gargoyl the Ghoul Abyssal Knight began the quest for the Orb.
     0 | Abyss:1  | Reached XP level 1. HP: 19/19 MP: 1/1
    65 | Abyss:2  | Noticed a fire bat
    65 | Abyss:2  | Noticed a flying skull
    65 | Abyss:2  | Noticed a flying skull
    65 | Abyss:2  | Noticed a fire bat
    69 | Abyss:2  | Noticed a flying skull
    85 | Abyss:3  | Noticed a black draconian knight
    85 | D:1      | Escaped the Abyss
   403 | D:1      | Reached XP level 2. HP: 22/26 MP: 2/2
   535 | D:1      | Reached * piety under Lugonu
   902 | D:1      | Reached XP level 3. HP: 33/33 MP: 3/3
  1057 | D:2      | Found a white marble altar of Elyvilon.
  1510 | D:2      | Reached skill level 4 in Fighting
  1682 | D:3      | Reached XP level 4. HP: 31/40 MP: 4/4
  1705 | D:3      | Found a faded altar of an unknown god.
  2210 | D:3      | Reached XP level 5. HP: 38/46 MP: 4/6
  2295 | D:3      | Reached ** piety under Lugonu
  2461 | D:4      | Noticed an ogre
  2486 | D:4      | Slain by an ogre

Skill      XL: |  1  2  3  4  5 |
---------------+----------------+-----
Armour         | 2 3 |  3.1
Axes           | 2 3 |  3.4
Fighting       | 4 |  4.2
Invocations    | 3 |  3.0
Dodging        | |  0.8

Action                   |  1- 3 |  4- 6 || total
-------------------------+-------+-------++-------
Melee: Hand axe          |   125 |    93 ||   218
Invok: Depart the Abyss  |     1 |       ||     1
  Use: Scroll            |     6 |     1 ||     7
       Potion            |       |     3 ||     3
  Eat: Chunk             |    12 |    16 ||    28
Armor: Plate armour      |    99 |    87 ||   186
Dodge: Dodged            |    33 |    37 ||    70
